 Dungeon Crawl Stone Soup version 0.31-a0-844-gdc52ec4e09 (webtiles) character file.

Game seed: 548858359146103338

256 pop123321pop the Basher (level 5, -1/67 HPs)
             Began as a Minotaur Berserker on Sept 30, 2023.
             Was a Believer of Trog.
             Succumbed to an orc wizard's poison
             ... on level 4 of the Dungeon.
             The game lasted 00:02:37 (2691 turns).

pop123321pop the Basher (Minotaur Berserker)        Turns: 2691, Time: 00:02:37

Health: -1/67      AC:  5    Str: 22    XL:     5   Next: 92%
Magic:  4/4        EV: 11    Int:  4    God:    Trog [**....]
Gold:   195        SH:  0    Dex: 11    Spells: 4/4 levels left

rFire   + . .        a - +0 mace
rCold   x . .        (no shield)
rNeg    . . .        g - +0 ring mail
rPois   .            (helmet restricted)
rElec   .            (no cloak)
rCorr   .            (no gloves)
SInv    .            (no boots)
Will    .....        (no amulet) Stlth
                     k - ring of fire
HPRegen 0.31/turn    (no ring)
MPRegen 0.09/turn

%: no passive effects
@: berserking, lethally poisoned (-1 -> -20), very quick
A: horns 2, retaliatory headbutt
a: Renounce Religion, Berserk, Trog's Hand


You were on level 4 of the Dungeon.
You worshipped Trog.
Trog was pleased with you.
You visited 1 branch of the dungeon, and saw 4 of its levels.

You collected 195 gold pieces.

Inventory:

Hand Weapons
 a - a +0 mace (weapon)
Armour
 g - a +0 ring mail (worn)
Jewellery
 f - a ring of magical power
 k - a ring of fire (left hand)
Scrolls
 c - 3 scrolls of identify {unknown}
 d - 5 scrolls of teleportation {unknown}
 i - 2 scrolls of enchant weapon {unknown}
 j - a scroll of butterflies {unknown}
 o - a scroll of fear {unknown}
 p - a scroll of poison {unknown}
Potions
 b - 2 potions of berserk rage {unknown}
 e - a potion of enlightenment {unknown}
 h - a potion of heal wounds {unknown}
 l - a potion of ambrosia {unknown}
 m - 3 potions of curing {unknown}
 n - a potion of might {unknown}


   Skills:
 - Level 3.6 Fighting
 + Level 8.1 Maces & Flails
 - Level 2.4 Armour
 - Level 2.1 Dodging


You had 4 spell levels left.
You didn't know any spells.
Your spell library was empty.

Dungeon Overview and Level Annotations

Branches:
Dungeon (4/15)
 Temple: D:4-7

Altars:

Shops:
D:2 [


Innate Abilities, Weirdness & Mutations

You have a pair of horns on your head.
You reflexively headbutt those who attack you in melee.


Message History

Unknown command.
There are monsters nearby!
You are too injured to fight recklessly!
There are monsters nearby!
Unknown command.
There are monsters nearby!
Unknown command.
Okay, then.
A red film seems to cover your vision as you go berserk!
You feel yourself moving faster!
You feel mighty!
You feel very sick. Something hits you but does no damage.
You are more poisoned.
The gnoll hits you with a +0 halberd. Something hits you but does no damage.
The gnoll closely misses you.
You barely miss the gnoll. You headbutt the gnoll.
The gnoll is heavily wounded.
You feel very sick.
You hear some strange, mumbled words.
A magic dart appears from out of thin air!
The magic dart hits you.
* * * LOW HITPOINT WARNING * * *
The gnoll misses you.
You hear some strange, mumbled words.
Something tries to affect you, but you resist.
The gnoll closely misses you.
You sock the gnoll!
You kill the gnoll!
Trog accepts your kill.
* * * LOW HITPOINT WARNING * * *
You feel sick.
* * * LOW HITPOINT WARNING * * *
You feel sick. Something hits you.
* * * LOW HITPOINT WARNING * * *
You are more poisoned.
The gnoll hits you with a +0 halberd.
* * * LOW HITPOINT WARNING * * *
You are too berserk!
You feel a strong urge to attack something.
You die...

##.## # ....#.#
..... #..#
#.#######..##
#........gg.#
.#######<<...g##
......†....@...+
.####.#..###{.)#
. #....#$#)..#
.. ##.###.#)#.#
..
#.#..:..#.##.#
#.###.###....#
#...#.#...####
##..###..##
#.......##


You could see 3 gnolls.

Vanquished Creatures
  An ogre (D:4)
  2 orc wizards (D:4)
  A gnoll (D:4)
  4 adders
  3 worms (D:2)
  A dart slug (D:1)
  2 endoplasms
  2 giant cockroaches
  4 goblins
  4 hobgoblins
  16 jackals
  5 kobolds
  2 quokkas (D:2)
  8 ball pythons
  5 bats
  A frilled lizard (D:1)
  3 rats
64 creatures vanquished.

Notes
Turn   | Place    | Note
-------+----------+-------------------------------------------
     0 | D:1      | pop123321pop the Minotaur Berserker began the quest for the
                  | Orb.
     0 | D:1      | Reached XP level 1. HP: 19/19 MP: 0/0
    25 | D:1      | Reached skill level 4 in Maces & Flails
   109 | D:1      | Reached XP level 2. HP: 26/26 MP: 1/1
   710 | D:1      | Reached skill level 5 in Maces & Flails
  1207 | D:2      | Reached XP level 3. HP: 30/31 MP: 2/2
  1212 | D:2      | Reached ** piety under Trog
  1231 | D:2      | Found a faded altar of an unknown god.
  1339 | D:2      | Found Teomio's Armour Emporium.
  1464 | D:2      | Reached XP level 4. HP: 39/39 MP: 3/3
  1470 | D:2      | Reached skill level 6 in Maces & Flails
  2659 | D:4      | Noticed an ogre
  2664 | D:4      | Killed an ogre
  2665 | D:4      | Reached skill level 7 in Maces & Flails
  2665 | D:4      | Reached XP level 5. HP: 45/45 MP: 4/4
  2684 | D:4      | Reached skill level 8 in Maces & Flails
  2690 | D:4      | HP: 2/67 [gnoll/+0 halberd (5)]
  2691 | D:4      | Succumbed to an orc wizard's poison

Illustrated notes

Levels and vault maps discovered:
D:1:      spicycebolla_arrival_xxxplode, layout_basic,
          dreamdust_princess_bridge, minmay_misc_feat_iff, grunt_decor_fettered
D:2:      layout_basic, serial_shops, shop, ebering_ecumenical_altar_mist
D:3:      layout_basic
D:4:      layout_loops_corners, portal_sewer_entry_a,
          minmay_a_box_with_orc_wizards_in_it, uniq_pikel, uniq_eustachio,
          uniq_duvessa

Skill      XL: |  1  2  3  4  5 |
---------------+----------------+-----
Maces & Flails | 4 5 7 8 |  8.1
Fighting       | |  3.6
Armour         | |  2.4
Dodging        | |  2.1

Action                     |  1- 3 |  4- 6 || total
---------------------------+-------+-------++-------
  Melee: Mace              |    87 |    45 ||   132
         Headbutt          |    15 |    11 ||    26
         Punch             |       |     2 ||     2
 Invoke: Berserk           |       |     1 ||     1
 Armour: Animal skin       |    23 |       ||    23
         Ring mail         |    38 |    27 ||    65
  Dodge: Dodged            |    53 |    21 ||    74

Table legend: (Time is in decaauts)
 A = Elapsed time spent in this place.
 B = Non-inter-level travel time spent in this place.
 C = Inter-level travel time spent in this place.
 D = Time resting spent in this place.
 E = Time spent auto-exploring this place.
 F = Levels seen in this place.
 G = Mean time per level.
                   A        B        C        D        E       F      G
               +--------+--------+--------+--------+--------+-----+--------+
         Total |   2704 |   2612 |     92 |      0 |   2291 |   4 |  676.0 |
       Dungeon |   2704 |   2612 |     92 |      0 |   2291 |   4 |  676.0 |
               +--------+--------+--------+--------+--------+-----+--------+

Top non-repeatable levels by time:
     D:1: 1207 daAuts
     D:3: 798 daAuts
     D:2: 655 daAuts
     D:4: 43 daAuts
